 Dungeon Crawl Stone Soup version 0.27-a0-1548-gf8a67e7463 (webtiles) character file.

Game seed: 15733517576274792858

511 Froggeryz the Scratcher (level 6, -2/45 HPs)
             Began as a Felid Berserker on July 14, 2021.
             Was a Priest of Trog.
             Killed by divine providence
             ... invoked by an orc priest
              (13 damage)
             ... on level 5 of the Dungeon.
             The game lasted 00:04:08 (5183 turns).

Froggeryz the Scratcher (Felid Berserker)           Turns: 5183, Time: 00:04:09

Health: -2/45      AC:  2    Str: 13    XL:     6   Next: 99%
Magic:  7/7        EV: 19    Int:  9    God:    Trog [***...]
Gold:   210        SH:  0    Dex: 17    Spells: 5/5 levels left
                                        Lives:  0   Deaths: 1

rFire    . . .     SeeInvis +     - Unarmed
rCold    . . .     Faith    .   (shield unavailable)
rNeg     . . .     Spirit   .   (armour unavailable)
rPois    .         Reflect  .   (helmet unavailable)
rElec    .         Harm     .   (cloak unavailable)
rCorr    .         Rampage  .   (gloves unavailable)
Will     .....                  (boots unavailable)
Stlth    ..........             (no amulet)
HPRegen  0.15/turn              (no ring)
MPRegen  0.10/turn              (no ring)

@: berserking, very quick
A: very small, claws 1, fangs 3, see invisible, speed 1, shaggy fur 2, stealthy
paws, no weapons or thrown items, no armour, multi-lived
a: Renounce Religion, Berserk, Trog's Hand


You were on level 5 of the Dungeon.
You worshipped Trog.
Trog was most pleased with you.
You visited 1 branch of the dungeon, and saw 5 of its levels.

You collected 295 gold pieces.
You spent 85 gold pieces at shops.

Inventory:

Wands
 e - a wand of flame (16)
Scrolls
 a - a scroll of enchant weapon {unknown}
 b - a scroll of fear {unknown}
 d - 3 scrolls of teleportation
 f - a scroll of fog
 h - 7 scrolls of identify
 j - 2 scrolls of magic mapping
Potions
 c - 7 potions of curing {unknown}
 g - a potion of heal wounds {unknown}
 i - a potion of magic {unknown}
 k - a potion of berserk rage {unknown}
 l - a potion of mutation {unknown}
 m - a potion of degeneration {unknown}


   Skills:
 - Level 5.0 Fighting
 + Level 4.9 Dodging
 * Level 7.4 Unarmed Combat


You had 5 spell levels left.
You didn't know any spells.
Your spell library was empty.

Dungeon Overview and Level Annotations

Branches:
Dungeon (5/15)
 Temple: D:4-7

Altars:
Gozag
Uskayaw

Shops:
D:4 ?

Annotations:
D:3 3 runed translucent doors, hemabe71's ghost, amateur HuAr


Innate Abilities, Weirdness & Mutations

You have sharp claws.
You have razor-sharp teeth.
You have supernaturally acute eyesight. (SInv)
You cover ground quickly. (Speed+)
You are covered in thick fur. (AC +2)
Your paws help you pounce on unaware monsters.
You are incapable of wielding weapons or throwing items.
You cannot wear armour.
You gain extra lives every three experience levels.


Message History

You claw the bullfrog zombie!
The bullfrog zombie is heavily damaged.
The bullfrog zombie misses you.
You claw the bullfrog zombie! Your bite misses the bullfrog zombie.
The bullfrog zombie is severely damaged.
The bullfrog zombie misses you.
You scratch the bullfrog zombie.
The bullfrog zombie is almost destroyed.
The bullfrog zombie barely misses you.
You closely miss the bullfrog zombie.
The bullfrog zombie is almost destroyed.
The bullfrog zombie closely misses you. The orc hits you with a +0 club.
You scratch the bullfrog zombie.
The bullfrog zombie is almost destroyed.
The bullfrog zombie closely misses you.
You scratch the bullfrog zombie.
You destroy the bullfrog zombie!
Trog accepts your kill.
The orc priest mumbles some strange prayers to Beogh against you.
Pain shoots through your body!
You claw the orc!
You kill the orc!
Trog accepts your kill.
The orc priest hits you with a +0 flail.
You closely miss the orc priest.
The orc priest hits you with a +0 flail.
An orc comes into view. It is wielding a +0 whip.
You are too injured to fight recklessly!
You are too injured to fight recklessly!
A red film seems to cover your vision as you go berserk!
You feel yourself moving faster!
You feel mighty!
The orc priest invokes the aid of Beogh against you.
Beogh smites you!
* * * LOW HITPOINT WARNING * * *
You closely miss the orc priest. The orc priest closely misses you.
You closely miss the orc priest. Your bite misses the orc priest.
You barely miss the orc priest. Your bite misses the orc priest.
The orc priest mumbles some strange prayers to Beogh against you.
Beogh smites you!
You die...

..#.'))...+.....##........
..###.)...#.....##........
..#..............'........
..........#.#.####........
#...........#.# #........
#...........#.# ##........
#...........#.# #.........
....#.......#+###.##......
#+###.........oo@).+......
...###....##.##......
........ .......... ##..
#.#...###. #. #+#...# #
.... ... ...


You could see an orc priest and an orc.

Vanquished Creatures
  Sigmund (D:2)
  A hornet zombie (D:4)
  A scorpion (D:4)
  A water moccasin skeleton (D:4)
  4 hounds (D:4)
  A jelly (D:4)
  A bullfrog zombie (D:5)
  An iguana (D:4)
  A gnoll (D:4)
  5 adders
  An adder skeleton (D:4)
  3 worms
  2 dart slugs
  15 orcs
  10 endoplasms
  3 giant cockroaches
  2 goblins (D:1)
  8 hobgoblins
  5 jackals (D:4)
  7 kobolds
  3 quokkas
  6 ball pythons
  5 bats
  3 frilled lizards
  2 rats
92 creatures vanquished.

Notes
Turn   | Place    | Note
-------+----------+-------------------------------------------
     0 | D:1      | Froggeryz the Felid Berserker began the quest for the Orb.
     0 | D:1      | Reached XP level 1. HP: 10/10 MP: 2/2
   316 | D:1      | Reached XP level 2. HP: 9/14 MP: 3/3
   585 | D:1      | Reached ** piety under Trog
   952 | D:1      | Reached XP level 3. HP: 14/17 MP: 4/4
  1180 | D:1      | Found a faded altar of an unknown god.
  1184 | D:1      | Reached skill level 4 in Unarmed Combat
  1566 | D:2      | Noticed Sigmund
  1579 | D:2      | Killed Sigmund
  1580 | D:2      | Reached skill level 5 in Unarmed Combat
  1580 | D:2      | Reached XP level 4. HP: 22/22 MP: 5/5
  1580 | D:2      | Reached XP level 5. HP: 24/25 MP: 6/6
  2976 | D:3      | Found a runed translucent gate.
  2978 | D:3      | Found a runed translucent gate.
  2978 | D:3      | Found an opulent altar of Gozag.
  2980 | D:3      | Found a runed translucent gate.
  2982 | D:3      | Noticed hemabe71's ghost (amateur HuAr)
  2982 | D:3      | Noticed an ogre
  4026 | D:4      | Gained mutation: You are covered in thick fur. (AC +2)
                  | [Felid growth]
  4026 | D:4      | Reached XP level 6. HP: 21/29 MP: 7/7
  4102 | D:4      | Found Gepno's Magic Scroll Emporium.
  4110 | D:4      | Bought a scroll of teleportation for 30 gold pieces
  4110 | D:4      | Bought a scroll of magic mapping for 35 gold pieces
  4110 | D:4      | Bought a scroll of identify for 20 gold pieces
  4127 | D:4      | Reached skill level 6 in Unarmed Combat
  4440 | D:4      | Slain by a hornet zombie
  4441 | D:4      | Reached XP level 5. HP: -3/25 MP: 6/6
  4491 | D:4      | Reached skill level 5 in Fighting
  4491 | D:4      | Reached XP level 6. HP: 22/30 MP: 7/7
  4526 | D:4      | Reached skill level 7 in Unarmed Combat
  4582 | D:4      | Found a hide-covered altar of Uskayaw.
  4604 | D:4      | Reached *** piety under Trog
  5089 | D:5      | Entered Level 5 of the Dungeon
  5183 | D:5      | Killed from afar by an orc priest

Illustrated notes

Levels and vault maps discovered:
D:1:      roderic_crossed_star, layout_loops_ring,
          shapermc_ecumenical_altar_ellora, minmay_vboxes
D:2:      layout_basic, uniq_sigmund
D:3:      layout_basic, ebering_ghost_gozag, chequers_hall_statues_y,
          glass_columns_b
D:4:      minmay_spotlight, layout_cave_pools,
          nicolae_uskayaw_murder_on_the_dancefloor, serial_shops, shop
D:5:      layout_basic, serial_shops, shop

Skill      XL: |  1  2  3  4  5  6 |
---------------+-------------------+-----
Unarmed Combat | 5 7 |  7.4
Fighting       | 4 5 |  5.0
Dodging        | |  4.9

Action                   |  1- 3 |  4- 6 || total
-------------------------+-------+-------++-------
Melee: Unarmed           |    70 |   181 ||   251
       Bite              |     6 |    23 ||    29
       Punch             |     2 |     6 ||     8
Invok: Berserk           |     3 |     9 ||    12
       Trog's Hand       |     1 |       ||     1
  Use: Scroll            |       |     1 ||     1
 Stab: Sleeping          |     1 |     2 ||     3
       Distracted        |       |     1 ||     1
Armor: Skin              |     4 |     2 ||     6
Dodge: Dodged            |    48 |   117 ||   165

Table legend: (Time is in decaauts)
 A = Elapsed time spent in this place.
 B = Non-inter-level travel time spent in this place.
 C = Inter-level travel time spent in this place.
 D = Time resting spent in this place.
 E = Time spent auto-exploring this place.
 F = Levels seen in this place.
 G = Mean time per level.
                   A        B        C        D        E       F      G
               +--------+--------+--------+--------+--------+-----+--------+
         Total |   4687 |   4610 |     77 |   1142 |   2880 |   5 |  937.4 |
       Dungeon |   4687 |   4610 |     77 |   1142 |   2880 |   5 |  937.4 |
               +--------+--------+--------+--------+--------+-----+--------+

Top non-repeatable levels by time:
     D:1: 1416 daAuts
     D:3: 1107 daAuts
     D:2: 1094 daAuts
     D:4: 992 daAuts
     D:5: 77 daAuts
